 Dungeon Crawl Stone Soup version 0.31-a0-152-g6aa68a64a1 (webtiles) character file.

Game seed: 13868637422975857689

33917 jasper the Scholar (level 13, -2/66 HPs)
             Began as a Spriggan Summoner on June 10, 2023.
             Was an Elder of Sif Muna.
             Killed by an exploding themself (11 damage)
             ... ignited by their inner flame
             ... on level 3 of the Lair of Beasts.
             The game lasted 00:40:08 (16131 turns).

jasper the Scholar (Spriggan Summoner)             Turns: 16131, Time: 00:40:08

Health: -2/66      AC:  9    Str:  4    XL:     13   Next: 39%
Magic:  5/33       EV: 24    Int: 32    God:    Sif Muna [****..]
Gold:   413        SH:  0    Dex: 16    Spells: 8/22 levels left

rFire   + . .        J - +7 lajatang of Order {silver, rMut}
rCold   + . .        (shield currently unavailable)
rNeg    . . .        E - +0 steam dragon scales
rPois   +            b - +3 hat of Pondering {ponderous, Will+ MP+10 Int+5}
rElec   +            F - +0 cloak
rCorr   +            (gloves unavailable)
SInv    +            (boots unavailable)
Will    +++..        (no amulet)
Stlth   ++           w - +6 ring of intelligence
HPRegen 0.31/turn    (no ring)
MPRegen 0.23/turn

%: resist mutation
@: resistant, very quick
A: very small, no large weapons, unfitting armour, see invisible, speed 3
a: Renounce Religion, Channel Magic, Forget Spell, Divine Exegesis


You were on level 3 of the Lair of Beasts.
You worshipped Sif Muna.
Sif Muna was greatly pleased with you.
You visited 3 branches of the dungeon, and saw 15 of its levels.

You collected 1011 gold pieces.
You spent 598 gold pieces at shops.

Inventory:

Hand Weapons
 x - a +3 heavy orcbow
 J - the +7 lajatang of Order (weapon) {silver, rMut}
   (You acquired it on level 1 of the Lair of Beasts)

   rMut:      It protects you from mutation.
Missiles
 D - 3 throwing nets
 H - 3 curare-tipped darts
 M - 2 atropa-tipped darts
Armour
 a - a +1 robe
 b - the +3 hat of Pondering (worn) {ponderous, Will+ MP+10 Int+5}
   (You took it off Gastronok on level 9 of the Dungeon)

   Int:       It affects your intelligence (+5).
   MP:        It affects your magic capacity (+10).
   Will:      It increases your willpower.
 g - a +1 robe of positive energy
 E - +0 steam dragon scales (worn)
 F - a +0 cloak (worn)
 K - a +0 troll leather armour
Jewellery
 w - a +6 ring of intelligence (left hand)
 C - an amulet of regeneration
 O - a ring of ice
 P - an amulet of guardian spirit
 Q - an amulet of faith
 S - a ring of flight
Wands
 p - a wand of flame (37)
 B - a wand of polymorph (8)
Scrolls
 e - 3 scrolls of butterflies
 f - 5 scrolls of amnesia
 j - 4 scrolls of enchant armour
 u - 5 scrolls of teleportation
 v - 3 scrolls of immolation
 y - 2 scrolls of blinking
 R - 3 scrolls of magic mapping
Potions
 d - 2 potions of attraction
 h - 2 potions of ambrosia
 l - a potion of lignification
 n - 2 potions of mutation
 o - 4 potions of might
 r - 4 potions of curing
 t - a potion of invisibility {unknown}
 z - 3 potions of degeneration
 A - 2 potions of haste {unknown}
 G - 2 potions of berserk rage {unknown}
 I - 3 potions of enlightenment {unknown}


   Skills:
 - Level 6.7 Fighting
 + Level 4.3 Staves
 - Level 11.0 Dodging
 - Level 3.0 Stealth
 - Level 5.0 Spellcasting
 - Level 6.0 Hexes
 - Level 10.9 Summonings
 - Level 4.0 Necromancy
 - Level 3.0 Air Magic
 - Level 12.0 Invocations
 - Level 5.0 Evocations


You had 8 spell levels left.
You knew the following spells:

 Your Spells              Type           Power      Damage    Failure   Level
a - Summon Lightning Spi  Summ/Air       51%        N/A       3%          4
c - Call Canine Familiar  Summ           67%        N/A       1%          3
d - Summon Guardian Gole  Hex/Summ       58%        N/A       1%          3
e - Anguish               Hex/Necr       20%        N/A       6%          4

Your spell library contained the following spells:

 Spells                   Type           Power      Damage    Failure   Level
 Necrotise                Necr           100%       1d9       1%          1
 Summon Small Mammal      Summ           100%       N/A       1%          1
 Call Imp                 Summ           100%       N/A       1%          2
 Ensorcelled Hibernation  Hex/Ice        54%        N/A       2%          2
 Vampiric Draining        Necr           33%        2d8       3%          3
 Magic Dart               Conj           32%        1d4       4%          1
 Sandblast                Erth           16%        2d6       4%          1
 Swiftness                Air            27%        N/A       4%          3
 Cause Fear               Hex            23%        N/A       4%          4
 Passwall                 Tmut/Erth      6%         N/A       8%          2
 Mephitic Cloud           Conj/Pois/Air  14%        N/A       10%         3
 Spider Form              Tmut/Pois      8%         N/A       16%         3
 Stone Arrow              Conj/Erth      16%        3d8       16%         3
 Agony                    Necr           33%        N/A       26%         5
 Dragon Form              Tmut           4%         N/A       100%        7
 Dragon's Call            Summ           33%        N/A       100%        9


Dungeon Overview and Level Annotations

Branches:
Dungeon (11/15)            Temple (1/1) D:6            Lair (3/5) D:10
 Shoals (0/4) Lair:2        Snake (0/4) Lair:3          Orc (0/2) D:10

Altars:
Ashenzari
Cheibriados
Dithmenos
Elyvilon
Fedhas
Gozag
Hepliaklqana
Kikubaaqudgha
Makhleb
Nemelex Xobeh
Okawaru
Qazlal
Ru
Sif Muna
Uskayaw
Vehumet
Wu Jian
Xom
Yredelemnul
Zin
The Shining One

Shops:
D:10 :

Annotations:
Temple 2 transporters
Lair:3 exclusion: 2 oklob plants


Innate Abilities, Weirdness & Mutations

You are very small and have problems with some larger weapons.
You are too small for most types of armour.
You have supernaturally acute eyesight. (SInv)
You cover ground extremely quickly. (Speed+++)


Message History

You take 20 damage, and have 6/66 hp.
MASSIVE DAMAGE!!
You now have 8/33 mp.
Your lightning spire shoots out a bolt of lightning at the eight-headed hydra!
The bolt of electricity misses the eight-headed hydra.
The bolt of electricity misses the water moccasin.
Okay, then.
Casting: Summon Lightning Spire (dangerous; 3% risk of failure)
Confirm with . or Enter, or press ? or * to list all spells.
The water moccasin bites your lightning spire.
The water moccasin is wracked by anguish.
You now have 6/33 mp.
Your wolf bites the eight-headed hydra!
The eight-headed hydra bites your wolf! The eight-headed hydra bites your wolf.
The eight-headed hydra barely misses your wolf.
The eight-headed hydra bites your wolf!
Your wolf dies!
Your wolf's corpse disappears in a puff of smoke!
The eight-headed hydra bites your lightning spire but does no damage.
The eight-headed hydra bites your lightning spire.
The eight-headed hydra bites your lightning spire but does no damage.
The eight-headed hydra completely misses your lightning spire.
Casting: Call Canine Familiar (safe; 1% risk of failure)
Confirm with . or Enter, or press ? or * to list all spells.
A guardian golem appears, shielding your allies.
You now have 4/33 mp.
You swap places.
The eight-headed hydra completely misses your guardian golem.
The eight-headed hydra bites your guardian golem!
The eight-headed hydra bites your guardian golem. x2
The eight-headed hydra bites your guardian golem! x2
The eight-headed hydra bites your guardian golem. x2
Your guardian golem overheats!
The eight-headed hydra bites your guardian golem but does no damage. x2
The eight-headed hydra bites your guardian golem.
Flame seeps out of your guardian golem.
The eight-headed hydra bites your guardian golem!
Your guardian golem disappears in a puff of smoke!
Your guardian golem explodes!
The fiery explosion engulfs the eight-headed hydra!!
The fiery explosion engulfs you! You resist.
You die...

##.# #........... #.#
##.........# #.##
#P.........# #8.#
##.......### ##.#
##.......# #S#
####.......#### #.#
#.............#
#D####.##.......#...
#§○@##.##.....##...#
###....##......##.##
#######....h.....#
##############...>.....##
#.........................
#.....<.................).
#.........................
#.........................
#.........................


You could see an eight-headed hydra.

Vanquished Creatures
  A catoblepas (Lair:3)
  2 death yaks (D:10)
  Amaemon (Lair:2)
  A skeletal warrior (D:11)
  An ugly thing (D:9)
  A black mamba (Lair:3)
  A cane toad (Lair:3)
  A rime drake (Lair:3)
  A hornet (Lair:2)
  A blink frog (Lair:1)
  2 dream sheep (Lair:3)
  A shadow (D:10)
  3 wyverns
  2 steam dragons
  7 yaks
  2 water moccasins
  An orc warrior (D:10)
  2 black bears
  3 ice beasts
  3 centaurs
  A wolf (Lair:2)
  A phantom (D:5)
  A kobold brigand (D:10)
  A bullfrog (D:9)
  A necrophage (Lair:2)
  4 wights
  2 electric eels
  4 hounds
  An orc priest (D:3)
  A jelly (D:7)
  Natasha (D:2)
  An orc wizard (D:8)
  2 gnolls
  4 adders
  A river rat (D:10)
  4 white imps
  A worm (D:2)
  7 orcs
  3 bats
  An endoplasm (D:3)
  A giant cockroach (D:2)
  3 goblins (D:1)
  5 hobgoblins
  A jackal (D:5)
  2 quokkas (D:10)
  2 ball pythons
  2 kobolds
  8 rats
103 creatures vanquished.

Vanquished Creatures (collateral kills)
  Gastronok (D:9)
  Erolcha (D:9)
  4 two-headed ogres
  A death yak (D:10)
  A boulder beetle (Lair:3)
  2 skeletal warriors (D:11)
  A lindwurm (Lair:2)
  A gargoyle (D:11)
  An orange demon (Lair:2)
  An unseen horror (D:10)
  7 cane toads
  A komodo dragon (D:6)
  A troll (D:9)
  4 blink frogs
  2 dream sheep (Lair:3)
  Sigmund (D:2)
  2 shadows
  2 wyverns
  23 yaks
  A wraith (D:11)
  3 basilisks
  3 steam dragons
  Eustachio (D:5)
  2 acid dragons
  Edmund (D:6)
  5 water moccasins
  2 black bears
  3 orc warriors
  3 wolves (Lair:2)
  4 centaurs
  An ogre (D:6)
  8 bullfrogs
  4 necrophages (Lair:2)
  4 wights
  3 hounds
  2 gnoll boudas
  2 orc priests (D:5)
  Natasha (twice) (D:2)
  A hell rat (D:10)
  2 iguanas (D:5)
  3 orc wizards
  Robin (D:2)
  An adder (D:2)
  17 gnolls
  A river rat (D:10)
  A white imp (D:6)
  A dart slug (D:1)
  18 orcs
  3 bats
  5 endoplasms
  2 giant cockroaches (D:1)
  12 goblins
  5 hobgoblins
  A jackal (D:5)
  2 kobolds (D:2)
  A quokka (D:1)
  4 ball pythons
  2 frilled lizards
  2 rats (D:2)
196 creatures vanquished.

Vanquished Creatures (others)
  Nessos (Lair:3)
  Snorg (D:11)
  Josephine (D:11)
  A skeletal warrior (D:11)
  An ugly thing (D:11)
  2 blink frogs (Lair:3)
  3 dream sheep (Lair:3)
  4 wraiths (D:11)
  4 yaks
  A water moccasin (Lair:3)
  An orc warrior (D:6)
  Blork the orc (D:4)
  A gnoll bouda (D:5)
  An orc priest (D:11)
  An orc wizard (D:11)
  6 gnolls
  An adder (D:5)
  A goblin (D:4)
32 creatures vanquished.

Grand Total: 331 creatures vanquished

Notes
Turn   | Place    | Note
-------+----------+-------------------------------------------
     0 | D:1      | jasper the Spriggan Summoner began the quest for the Orb.
     0 | D:1      | Reached XP level 1. HP: 9/9 MP: 5/5
   268 | D:1      | Reached XP level 2. HP: 13/13 MP: 3/7
   271 | D:1      | Learned a level 2 spell: Call Imp
  1048 | D:1      | Reached XP level 3. HP: 16/16 MP: 6/9
  1052 | D:1      | Learned a level 3 spell: Call Canine Familiar
  1056 | D:1      | Learned a level 3 spell: Summon Guardian Golem
  1516 | D:2      | Reached skill level 1 in Hexes
  1602 | D:2      | Noticed Robin
  1634 | D:2      | Reached XP level 4. HP: 20/21 MP: 4/11
  1641 | D:2      | Killed Robin
  1665 | D:2      | Learned a level 4 spell: Summon Lightning Spire
  1761 | D:2      | Noticed Sigmund
  1792 | D:2      | Killed Sigmund
  1793 | D:2      | Reached skill level 5 in Spellcasting
  1793 | D:2      | Reached XP level 5. HP: 24/24 MP: 4/13
  1937 | D:2      | Noticed Natasha
  2132 | D:2      | Killed Natasha
  2226 | D:2      | Noticed Natasha
  2236 | D:2      | Killed Natasha
  2237 | D:2      | Reached XP level 6. HP: 19/28 MP: 9/14
  2315 | D:2      | Noticed Natasha
  2330 | D:2      | Killed Natasha
  3078 | D:3      | Found a radiant altar of Vehumet.
  3619 | D:3      | Reached skill level 1 in Evocations
  3719 | D:3      | You fall into a shaft and drop 2 floors!
  3719 | D:5      | Entered Level 5 of the Dungeon
  3754 | D:4      | Noticed Blork the orc
  3775 | D:4      | Killed Blork the orc
  4413 | D:4      | Reached XP level 7. HP: 32/32 MP: 10/15
  4435 | D:4      | Reached skill level 5 in Summonings
  4754 | D:5      | Reached skill level 1 in Fighting
  4941 | D:5      | Noticed Eustachio
  4949 | D:5      | Killed Eustachio
  5529 | D:5      | Found a sparkling altar of Nemelex Xobeh.
  5607 | D:5      | Reached XP level 8. HP: 39/39 MP: 11/16
  5988 | D:6      | Noticed Edmund
  5992 | D:6      | Reached skill level 5 in Dodging
  5994 | D:6      | Killed Edmund
  5994 | D:6      | Noticed a komodo dragon
  5998 | D:6      | Killed a komodo dragon
  6051 | D:6      | Reached skill level 5 in Evocations
  6153 | D:6      | Found a staircase to the Ecumenical Temple.
  6159 | Temple   | Entered the Ecumenical Temple
  6159 | Temple   | Found a transporter.
  6159 | Temple   | Found a transporter.
  6161 | Temple   | Found a transporter.
  6161 | Temple   | Found a transporter.
  6177 | Temple   | Became a worshipper of Sif Muna the Loreminder
  6520 | D:6      | Found a stormy altar of Qazlal.
  6527 | D:6      | Found an iron altar of Okawaru.
  6530 | D:6      | Found a sacrificial altar of Ru.
  6533 | D:6      | Found an ornate altar of the Wu Jian Council.
  6585 | D:6      | Reached XP level 9. HP: 44/44 MP: 17/17
  7228 | D:7      | Reached * piety under Sif Muna
  8067 | D:8      | Reached skill level 1 in Invocations
  8067 | D:8      | Reached XP level 10. HP: 51/51 MP: 15/18
  8663 | D:9      | Noticed a brown ugly thing
  8670 | D:9      | Killed a brown ugly thing
  8671 | D:9      | Reached skill level 5 in Fighting
  8752 | D:9      | Noticed Erolcha
  8764 | D:9      | Killed Erolcha
  8765 | D:9      | Reached skill level 2 in Invocations
  9309 | D:9      | Noticed Gastronok
  9359 | D:9      | Killed Gastronok
  9360 | D:9      | Reached skill level 3 in Invocations
  9792 | D:10     | Entered Level 10 of the Dungeon
  9806 | D:10     | Reached ** piety under Sif Muna
  9820 | D:10     | Reached skill level 4 in Invocations
  9827 | D:10     | Reached XP level 11. HP: 52/56 MP: 19/19
  9842 | D:10     | Noticed a two-headed ogre
  9849 | D:10     | Killed a two-headed ogre
  9849 | D:10     | Noticed a two-headed ogre
  9850 | D:10     | Reached skill level 10 in Dodging
  9850 | D:10     | Reached skill level 10 in Summonings
  9863 | D:10     | Killed a two-headed ogre
 10126 | D:10     | Noticed a two-headed ogre
 10129 | D:10     | Killed a two-headed ogre
 10138 | D:10     | Reached skill level 5 in Invocations
 10163 | D:10     | Found a glowing silver altar of Zin.
 10201 | D:10     | Noticed a death yak
 10602 | D:11     | Noticed a purple ugly thing
 10614 | D:11     | Killed a purple ugly thing
 10862 | D:11     | Learned a level 4 spell: Anguish
 10926 | D:11     | Noticed Josephine
 10944 | D:11     | Killed Josephine
 10945 | D:11     | Reached skill level 1 in Necromancy
 10955 | D:11     | Reached *** piety under Sif Muna
 11117 | D:11     | Noticed a skeletal warrior
 11124 | D:11     | Noticed a skeletal warrior
 11125 | D:11     | Noticed a skeletal warrior
 11126 | D:11     | Noticed a skeletal warrior
 11128 | D:11     | Killed a skeletal warrior
 11133 | D:11     | Killed a skeletal warrior
 11134 | D:11     | Killed a skeletal warrior
 11135 | D:11     | Reached skill level 5 in Hexes
 11135 | D:11     | Reached XP level 12. HP: 62/62 MP: 3/20
 11327 | D:11     | Noticed Snorg
 11327 | D:11     | Noticed a two-headed ogre
 11335 | D:11     | Killed a two-headed ogre
 11339 | D:11     | Killed Snorg
 11340 | D:11     | Reached skill level 6 in Invocations
 11777 | D:10     | Noticed a death yak
 11786 | D:10     | Killed a death yak
 11787 | D:10     | Reached skill level 7 in Invocations
 11800 | D:10     | Noticed a death yak
 11838 | D:10     | Killed a death yak
 11856 | D:10     | Killed a death yak
 12060 | D:10     | Found a staircase to the Lair.
 12225 | D:10     | Found Qofodu Ecwe's Book Emporium.
 12229 | D:10     | Bought a book of the Dragon for 598 gold pieces
 12243 | D:10     | Found a staircase to the Orcish Mines.
 12396 | Lair:1   | Entered Level 1 of the Lair of Beasts
 12436 | Lair:1   | Reached skill level 8 in Invocations
 12550 | Lair:1   | Reached skill level 9 in Invocations
 13376 | Lair:1   | Identified a scroll of acquirement
 13376 | Lair:1   | Acquired the +7 lajatang of Order {silver, rMut}
 13376 | Lair:1   | Found the +7 lajatang of Order {silver, rMut}
 13479 | Lair:2   | Reached skill level 10 in Invocations
 13557 | Lair:2   | Noticed Amaemon
 13568 | Lair:2   | Killed Amaemon
 13569 | Lair:2   | Reached **** piety under Sif Muna
 13926 | Lair:2   | Reached skill level 11 in Invocations
 14078 | Lair:2   | Found a staircase to the Shoals.
 14636 | Lair:3   | Reached XP level 13. HP: 66/66 MP: 15/22
 14683 | Lair:3   | Reached skill level 12 in Invocations
 14849 | Lair:3   | Reached skill level 1 in Staves
 15345 | Lair:3   | Found a staircase to the Snake Pit.
 16105 | Lair:3   | Noticed Nessos
 16114 | Lair:3   | Killed Nessos
 16131 | Lair:3   | Killed by an exploding themself... ignited by their inner
                  | flame

Illustrated notes

Levels and vault maps discovered:
D:1:      tekkud_arrival_beachfront_property, layout_basic,
          serial_co_window_serial, co_window_paths_a, co_window_paths_b,
          co_window_of_opportunity_a, co_window_of_opportunity_a,
          co_window_paths_a, co_window_broadway_a, co_window_unsneaky_path_b,
          co_window_broadway_c, co_window_corner_b, co_window_cross_3,
          co_window_sun, glass_columns_b, glass_columns_a
D:2:      layout_basic, serial_forest, infiniplex_forest_lined_room_3,
          infiniplex_forest_end_2, infiniplex_forest_end_2,
          infiniplex_forest_pool, infiniplex_forest_zigzag_1,
          dreamdust_mushroom_princess, uniq_sigmund, uniq_natasha, uniq_robin
D:3:      cheibrodos_pilgrimage, layout_basic, vehumet_altar_wand_db,
          gammafunk_ghost_smash
D:4:      layout_loops_corners, uniq_blork_the_orc
D:5:      layout_basic, nemelex_diamond_rough_becter, uniq_eustachio
D:6:      minmay_cornered_nines, layout_gridville, grunt_temple_overflow_open,
          temple_green, uniq_edmund
D:7:      layout_cave_pods
D:8:      layout_cave_pods, reono_crystal_passage,
          eino_small_chamber_without_monster
D:9:      layout_roguey, chequers_hall_statues_y, uniq_erolcha, uniq_gastronok
D:10:     layout_loops_ring, mainiacjoe_overflow_24_doors, dpeg_lair_monsters,
          serial_shops, nicolae_shop_back_alley_shop, minmay_alternating_orb
D:11:     layout_roguey, uniq_snorg, uniq_josephine
Temple:   hellmonk_temple_divided_pantheon
Lair:1:   layout_gridlike
Lair:2:   layout_hall_layers, elwin_shoals_entry_rocks, roderic_carrion_pond,
          uniq_amaemon
Lair:3:   dragon1_lemuel, layout_hall_layers, dummy_snake_entry, dpeg_oklob_1,
          serial_bayou_shore_a, grunt_megastairs_4, lemuel_fruit_tree,
          uniq_nessos

Skill      XL: |  1  2  3  4  5  6  7  8  9 10 11 12 13 |
---------------+----------------------------------------+-----
Spellcasting   | 3 4 5 |  5.0
Hexes          | 1 2 5 6 |  6.0
Summonings     | 4 5 7 8 9 10 | 10.9
Air Magic      | 2 3 |  3.0
Evocations     | 1 3 5 |  5.0
Dodging        | 3 4 6 8 9 11 | 11.0
Fighting       | 2 3 4 6 |  6.7
Invocations    | 1 4 5 11 12 | 12.0
Necromancy     | 3 4 |  4.0
Staves         | 4 |  4.3
Stealth        | |  3.0

Action                     |  1- 3 |  4- 6 |  7- 9 | 10-12 | 13-15 || total
---------------------------+-------+-------+-------+-------+-------++-------
  Melee: Unarmed           |    17 |       |       |       |       ||    17
         Short sword       |    61 |    40 |       |       |       ||   101
         War axe           |       |    39 |    12 |       |       ||    51
         Punch             |       |     1 |       |       |       ||     1
         Whip              |       |       |    21 |       |       ||    21
         Lajatang          |       |       |       |    36 |    57 ||    93
   Fire: Orcbow            |       |       |    75 |   143 |       ||   218
   Cast: Summon Small Mamm |    19 |       |       |       |       ||    19
         Call Imp          |    19 |    14 |     4 |     2 |       ||    39
         Call Canine Famil |     2 |    22 |    20 |    43 |     9 ||    96
         Summon Guardian G |       |     5 |     7 |    22 |     4 ||    38
         Summon Lightning  |       |       |    18 |    41 |     9 ||    68
         Anguish           |       |       |       |    15 |     8 ||    23
  Evoke: Wand              |       |       |       |     8 |     3 ||    11
    Use: Scroll            |     3 |     3 |     4 |    10 |     3 ||    23
         Potion            |       |     1 |       |     3 |     3 ||     7
   Stab: Distracted        |     2 |     1 |       |       |     1 ||     4
         Sleeping          |     2 |     3 |     2 |       |     1 ||     8
 Armour: Robe              |    11 |    16 |     3 |       |       ||    30
         Steam dragon scal |       |       |     3 |    22 |     8 ||    33
  Dodge: Dodged            |    60 |    94 |    99 |   248 |    79 ||   580

Table legend: (Time is in decaauts)
 A = Elapsed time spent in this place.
 B = Non-inter-level travel time spent in this place.
 C = Inter-level travel time spent in this place.
 D = Time resting spent in this place.
 E = Time spent auto-exploring this place.
 F = Levels seen in this place.
 G = Mean time per level.
                   A        B        C        D        E       F      G
               +--------+--------+--------+--------+--------+-----+--------+
         Total |  12973 |  12687 |    286 |   1105 |   8687 |  15 |  864.9 |
       Dungeon |   9817 |   9585 |    232 |    957 |   6290 |  11 |  892.5 |
        Temple |     23 |     14 |      9 |      0 |      0 |   1 |   23.0 |
          Lair |   3133 |   3088 |     45 |    148 |   2396 |   3 | 1044.3 |
               +--------+--------+--------+--------+--------+-----+--------+

Top non-repeatable levels by time:
  Lair:3: 1407 daAuts
    D:10: 1367 daAuts
     D:1: 1171 daAuts
     D:2: 1131 daAuts
     D:9: 984 daAuts
    D:11: 965 daAuts
     D:5: 931 daAuts
  Lair:2: 915 daAuts
  Lair:1: 810 daAuts
     D:6: 794 daAuts
     D:7: 695 daAuts
     D:4: 668 daAuts
     D:3: 600 daAuts
     D:8: 506 daAuts
  Temple: 23 daAuts
